cohdb
Replays
Latest Replays
All Replays
Popular Replays
Top Player Replays
Match Explorer
How It Works
Community
CoH3 Stats
Reddit
Sign in to upload your games and track your stats! →
Sign in with Steam
Match 43386638
Unlisted
Match 43386638
Overview
Messages
Build Orders
End
Construct Infanterie Kompanie
Grenadier Squad
MG 42 Machine Gun Team
MG 42 Machine Gun Team
GrW 34 Mortar Team
Medical Station
Grenadier Squad
Construct Luftwaffe Kompanie
Jäger Squad
Flak 30 Anti-aircraft Gun Team
Jäger Squad
Selects Terror Battlegroup
Selects Contempt for the Weak
Selects Jericho Trumpet
Jäger Squad
Tap57
crimson_omen
Amorez
Max1boy
SneaKerz
gb_gbg
0
0
Comments
sign in to comment!
No comments posted yet!